 Dungeon Crawl Stone Soup version 0.27-a0-1334-g2746e35aca (webtiles) character file.

Game seed: 9601927663099279235

3829 funkygono the Zephyrmancer (level 10, 0/52 HPs)
             Began as a Tengu Air Elementalist on June 26, 2021.
             Was a Priest of Vehumet.
             Slain by an orc warrior (14 damage)
             ... on level 8 of the Dungeon.
             The game lasted 00:27:47 (11426 turns).

funkygono the Zephyrmancer (TeAE)                  Turns: 11426, Time: 00:27:47

Health: 0/52       AC:  5    Str:  8    XL:     10   Next: 17%
Magic:  4/22       EV: 16    Int: 25    God:    Vehumet [***...]
Gold:   474        SH:  0    Dex: 15    Spells: 5/24 levels left

rFire    + . .     SeeInvis .   B - +3 flail (protect)
rCold    x . .     Faith    +   (no shield)
rNeg     . . .     Spirit   .   a - +1 robe
rPois    .         Reflect  .   (helmet restricted)
rElec    .         Harm     .   t - +0 cloak
rCorr    .         Rampage  .   c - +0 pair of gloves
Will     .....                  (boots unavailable)
Stlth    ++........             r - amulet of faith
HPRegen  0.17/turn              k - ring of fire
MPRegen  0.18/turn              A - +6 ring of intelligence

@: flying quickly and evasively, quick
A: beak, talons 3, nimble flight
a: Renounce Religion


You were on level 8 of the Dungeon.
You worshipped Vehumet.
Vehumet was most pleased with you.
You visited 2 branches of the dungeon, and saw 9 of its levels.
You also visited: Sewer.

You collected 474 gold pieces.

Inventory:

Hand Weapons
 g - a +2 whip of freezing
 h - a +2 whip of freezing
 x - a +2 quarterstaff of chaos
 y - a +1 vampiric whip
 B - a +3 flail of protection (weapon)
Missiles
 p - a curare-tipped dart
 w - 2 throwing nets
Armour
 a - a +1 robe (worn)
 c - a +0 pair of gloves (worn)
 d - a +0 leather armour
 i - a +0 tower shield
 m - a +0 buckler
 q - the +1 leather armour of the Orb {rN++ Will+}
   (You found it on level 5 of the Dungeon)

   It greatly protects you from negative energy.
   It increases your willpower.
 t - a +0 cloak (worn)
Jewellery
 k - a ring of fire (left hand)
 r - an amulet of faith (around neck)
 u - a ring of ice
 A - a +6 ring of intelligence (right hand)
 F - a ring of protection from fire
 I - a ring of flight
Wands
 j - a wand of iceblast (10)
Scrolls
 e - 2 scrolls of fog
 v - 2 scrolls of teleportation
 G - a scroll of magic mapping
Potions
 b - a potion of magic
 f - 10 potions of curing
 l - 2 potions of resistance
 n - 2 potions of haste
 o - 2 potions of brilliance {unknown}
 s - a potion of lignification {unknown}
 z - 2 potions of attraction {unknown}


   Skills:
 + Level 1.5 Fighting
 + Level 3.3 Maces & Flails
 + Level 4.1 Dodging
 - Level 2.0 Stealth
 + Level 7.9 Spellcasting
 + Level 9.1 Conjurations
 + Level 0.2 Fire Magic
 + Level 10.9 Air Magic


You had 5 spell levels left.
You knew the following spells:

 Your Spells              Type           Power      Damage    Failure   Level
a - Shock                 Conj/Air       100%       1d9       1%          1
b - Static Discharge      Conj/Air       56%        N/A       1%          2
c - Swiftness             Air            60%        N/A       1%          3
d - Airstrike             Air            30%        N/A       1%          4
e - Lightning Bolt        Conj/Air       28%        1d44      1%          5
f - Foxfire               Conj/Fire      100%       2x1d9     1%          1
g - Mephitic Cloud        Conj/Pois/Air  43%        N/A       1%          3

Your spell library contained the following spells:

 Spells                   Type           Power      Damage    Failure   Level
 Magic Dart               Conj           100%       1d8       1%          1
 Searing Ray              Conj           100%       3d7       1%          2
 Dazzling Flash           Conj/Hex       64%        N/A       1%          3
 Fulminant Prism          Conj/Hex       16%        3d11      2%          4
 Iskenderun's Mystic Bla  Conj/Tloc      32%        2d8       2%          4
 Inner Flame              Hex/Fire       16%        N/A       4%          3
 Corona                   Hex            10%        N/A       6%          1
 Slow                     Hex            9%         N/A       10%         2
 Portal Projectile        Hex/Tloc       18%        N/A       19%         3
 Cause Fear               Hex            4%         N/A       52%         4
 Leda's Liquefaction      Hex/Erth       4%         N/A       52%         4


Dungeon Overview and Level Annotations

Branches:
Dungeon (8/15)             Temple (1/1) D:5           Sewer (visited)
   Lair: D:8-11

Altars:
Ashenzari
Cheibriados
Dithmenos
Elyvilon
Fedhas
Gozag
Hepliaklqana
Kikubaaqudgha
Makhleb
Nemelex Xobeh
Okawaru
Qazlal
Ru
Sif Muna
Trog
Uskayaw
Vehumet
Wu Jian
Xom
Yredelemnul
Zin
The Shining One

Shops:
D:2 ?   D:5 *   D:6 *


Innate Abilities, Weirdness & Mutations

You have a beak for a mouth.
You have claws for feet.
Your magical nature lets you fly swiftly and evasively.


Message History

The air twists around and strikes the orc warrior.
The orc warrior is lightly wounded.
The orc warrior misses you.
An orc comes into view. It is wielding a +0 dagger.
Casting: Airstrike (safe; 1% risk of failure)
Confirm with . or Enter, or press ? or * to list all spells.
Aiming: Lightning Bolt (dangerous; 1% risk of failure)
Press: ? - help, Shift-Dir - straight line, f/p - orc warrior
Aim: an orc warrior, wielding a +0 glaive and wearing a +0 chain mail (lightly wounded, 60% to hit)
You hear a mighty clap of thunder!
The bolt of lightning hits the orc warrior.
The orc warrior is moderately wounded.
The orc shouts!
You hear a shout! x7; You hear a howl!
The orc warrior hits you from afar with a +0 glaive!!
Casting: Lightning Bolt (dangerous; 1% risk of failure)
Confirm with . or Enter, or press ? or * to list all spells.
Aiming: Lightning Bolt (dangerous; 1% risk of failure)
Press: ? - help, Shift-Dir - straight line, f/p - orc warrior
Aim: an orc warrior, wielding a +0 glaive and wearing a +0 chain mail (moderately wounded, 60% to hit)
You hear a mighty clap of thunder!
The bolt of lightning hits the orc warrior!
The orc warrior is heavily wounded.
The bolt of lightning hits the orc!!
You kill the orc!
Vehumet accepts your kill.
You feel your power returning.
You hear a shout!
The orc warrior hits you from afar with a +0 glaive!!
* * * LOW HITPOINT WARNING * * *
An orc comes into view. It is wielding a +3 dagger of speed.
Casting: Lightning Bolt (dangerous; 1% risk of failure)
Confirm with . or Enter, or press ? or * to list all spells.
Aiming: Lightning Bolt (dangerous; 1% risk of failure)
Press: ? - help, Shift-Dir - straight line, f/p - orc warrior
Aim: an orc warrior, wielding a +0 glaive and wearing a +0 chain mail (heavily wounded, 60% to hit)
You hear a mighty clap of thunder!
The bolt of lightning misses the orc warrior.
You hear a shout!
You hear a howl! x2
The orc warrior hits you from afar with a +0 glaive!
You die...

. ...... .
#.#.. ###.
#.#.##
....###.#..
#[.......#
#.....:..#
#.......#
#.......#
.)o<..o.@#
###(#.#.##
# #.#.. #
... .....
##...#
#####


You could see an orc warrior and an orc.

Vanquished Creatures
  Pikel (D:5)
  Sigmund (D:5)
  Eustachio (D:4)
  A yak (D:5)
  A water moccasin (D:6)
  A black bear (D:5)
  A sky beast (D:7)
  A hornet zombie (D:8)
  5 necrophages
  An ogre (D:6)
  A centaur (D:8)
  A lemure (D:5)
  A bullfrog (D:7)
  A gnoll sergeant (D:5)
  2 kobold brigands
  3 scorpions
  A wyvern zombie (D:7)
  A water moccasin zombie (D:5)
  A wyvern skeleton (D:7)
  A howler monkey (D:5)
  2 centaur zombies
  A bullfrog zombie (D:5)
  A hound (D:5)
  A jelly (D:6)
  2 orc priests
  3 bullfrog skeletons (D:5)
  Crazy Yiuf (D:3)
  2 centaur skeletons (D:7)
  2 gnoll shamans
  Jessica (D:2)
  5 iguanas
  Natasha (D:3)
  4 orc wizards
  A killer bee zombie (D:7)
  A hound skeleton (D:4)
  A howler monkey zombie (D:7)
  28 gnolls
  10 adders
  A river rat (Sewer)
  A white imp (D:7)
  3 dart slugs
  22 orcs
  7 endoplasms
  2 giant cockroaches
  7 goblins
  7 hobgoblins
  22 jackals
  2 quokkas (D:5)
  7 ball pythons
  3 bats
  4 frilled lizards (D:1)
  17 kobolds
  13 rats
212 creatures vanquished.

Vanquished Creatures (others)
  16 foxfires
  9 plants
  3 withered plants (D:7)
28 creatures vanquished.

Grand Total: 240 creatures vanquished

Notes
Turn   | Place    | Note
-------+----------+-------------------------------------------
     0 | D:1      | funkygono the Tengu Air Elementalist began the quest for
                  | the Orb.
     0 | D:1      | Reached XP level 1. HP: 10/10 MP: 4/4
   334 | D:1      | Found a faded altar of an unknown god.
   358 | D:1      | Reached XP level 2. HP: 15/15 MP: 4/6
   976 | D:1      | Reached XP level 3. HP: 19/19 MP: 3/7
  1073 | D:1      | Learned a level 2 spell: Static Discharge
  1077 | D:1      | Learned a level 3 spell: Swiftness
  1130 | D:2      | Noticed Jessica
  1376 | D:2      | Killed Jessica
  1377 | D:2      | Reached skill level 5 in Air Magic
  1552 | D:2      | Reached XP level 4. HP: 24/24 MP: 4/9
  2034 | D:2      | Found Eckehaz's Magic Scroll Emporium.
  2524 | D:2      | Gained mutation: Your magical nature lets you fly swiftly
                  | and evasively. [Tengu growth]
  2524 | D:2      | Reached XP level 5. HP: 28/28 MP: 4/10
  3408 | D:3      | Found an opulent altar of Gozag.
  3448 | D:3      | Found a snail-covered altar of Cheibriados.
  3585 | D:3      | Found a glowing drain.
  3595 | Sewer    | Entered a sewer
  3712 | Sewer    | Noticed a kobold brigand
  3845 | Sewer    | Killed a kobold brigand
  3846 | Sewer    | Reached skill level 6 in Air Magic
  3846 | Sewer    | Reached XP level 6. HP: 32/32 MP: 3/12
  3851 | Sewer    | Learned a level 4 spell: Airstrike
  3950 | Sewer    | Found a white marble altar of Elyvilon.
  4069 | D:3      | Found a runed translucent door.
  4070 | D:3      | Noticed Crazy Yiuf
  4160 | D:3      | Noticed Natasha
  4165 | D:3      | Killed Natasha
  4564 | D:4      | Noticed Eustachio
  4574 | D:4      | Killed Eustachio
  4575 | D:4      | Reached XP level 7. HP: 6/36 MP: 1/14
  4936 | D:4      | Found a white marble altar of Elyvilon.
  4944 | D:4      | Found a burning altar of Makhleb.
  4955 | D:4      | Found a basalt altar of Yredelemnul.
  5068 | D:4      | Reached skill level 5 in Conjurations
  5280 | D:4      | Found a broken altar of Ashenzari.
  5611 | D:5      | Entered Level 5 of the Dungeon
  5741 | D:5      | Reached skill level 7 in Air Magic
  5878 | D:5      | Found Ysaad's Assorted Antiques.
  5879 | D:5      | Noticed Pikel
  5896 | D:5      | HP: 1/36 [Pikel (4)]
  5898 | D:5      | Killed Pikel
  5899 | D:5      | Reached skill level 5 in Spellcasting
  5899 | D:5      | Reached skill level 8 in Air Magic
  5899 | D:5      | Reached XP level 8. HP: 32/42 MP: 0/17
  6297 | D:5      | Found a staircase to the Ecumenical Temple.
  6350 | Temple   | Entered the Ecumenical Temple
  6576 | Temple   | Became a worshipper of Vehumet
  6810 | D:5      | Identified the +1 leather armour of the Orb {rN++ Will+}
  6819 | D:5      | Found an ornate altar of the Wu Jian Council.
  6823 | D:5      | Found an ancient bone altar of Kikubaaqudgha.
  6824 | D:5      | Found a hazy altar of Hepliaklqana.
  6826 | D:5      | Found a stormy altar of Qazlal.
  6826 | D:5      | Noticed Sigmund
  6830 | D:5      | Killed Sigmund
  6831 | D:5      | Reached skill level 1 in Fighting
  6831 | D:5      | Reached skill level 9 in Air Magic
  6928 | D:5      | Found a shadowy altar of Dithmenos.
  6962 | D:5      | Reached XP level 9. HP: 47/47 MP: 9/19
  7074 | D:5      | Learned a level 5 spell: Lightning Bolt
  7228 | D:5      | Reached * piety under Vehumet
  7228 | D:5      | Offered knowledge of Foxfire by Vehumet.
  7998 | D:5      | Reached ** piety under Vehumet
  7999 | D:5      | Reached skill level 1 in Maces & Flails
  8026 | D:5      | Learned a level 1 spell: Foxfire
  8101 | D:5      | Offered knowledge of Freeze by Vehumet.
  8150 | D:5      | Found a sparkling altar of Nemelex Xobeh.
  8736 | D:3      | Killed Crazy Yiuf
  9186 | D:6      | Found Utoj's General Store.
  9277 | D:6      | Offered knowledge of Stone Arrow by Vehumet.
  9278 | D:6      | Reached skill level 10 in Air Magic
  9361 | D:6      | Found a hide-covered altar of Uskayaw.
  9977 | D:7      | Reached *** piety under Vehumet
 10400 | D:7      | Reached XP level 10. HP: 47/52 MP: 10/22
 10613 | D:7      | Offered knowledge of Mephitic Cloud by Vehumet.
 10618 | D:7      | Learned a level 3 spell: Mephitic Cloud
 11426 | D:8      | Slain by an orc warrior

Illustrated notes

Levels and vault maps discovered:
D:1:      psy_arrival_terrarium, layout_basic, hellmonk_ecumenical_altar_zigzags
D:2:      layout_loops_cross, serial_forest, infiniplex_forest_zigzag_1,
          infiniplex_forest_lined_2, infiniplex_forest_zigzag_2,
          infiniplex_forest_lined_3, infiniplex_forest_clump_C,
          infiniplex_forest_clump_tiny, serial_shops, shop, minmay_3d_cube,
          uniq_jessica
D:3:      layout_loops_ring, lemuel_tele_altar, overflow_temple_1_default,
          portal_sewer_entry_a, uniq_crazy_yiuf_cottage, uniq_natasha
D:4:      layout_basic, cheibrodos_ashenzari_chains,
          minmay_overflow_temple_star_quad, uniq_eustachio
D:5:      lemuel_castle_with_subvaults [lemuel_castle_interior_original],
          layout_cave_pools, pf_just_have_faith, grunt_temple_overflow_open,
          temple_hall, serial_shops, nicolae_shop_window_shopping,
          kennysheep_donut, st_stairs_5, uniq_pikel, uniq_sigmund
D:6:      layout_loops_ring, lemuel_coloured_pillars_altar, serial_shops, shop
D:7:      layout_loops_ring, serial_undead, serial_undead_b, serial_undead_d,
          serial_undead_b, serial_undead_d
D:8:      layout_basic, erik_lair_orcish_takeover, gammafunk_ghost_cemetery,
          serial_shops, kennysheep_mini, serial_bayou_pond_d,
          guppyfry_shop_venom
Temple:   jpeg_temple_island

Skill      XL: |  1  2  3  4  5  6  7  8  9 10 |
---------------+-------------------------------+-----
Conjurations   | 2 3 4 6 7 8 9 |  9.1
Air Magic      | 5 6 8 9 10 | 10.9
Spellcasting   | 3 4 5 6 7 |  7.9
Dodging        | 3 4 |  4.1
Fighting       | 1 |  1.5
Maces & Flails | 3 |  3.3
Stealth        | |  2.0
Fire Magic     | |  0.2

Action                   |  1- 3 |  4- 6 |  7- 9 | 10-12 || total
-------------------------+-------+-------+-------+-------++-------
Melee: Club              |     1 |       |       |       ||     1
       Whip              |       |     6 |    30 |       ||    36
       Peck              |       |     3 |    12 |       ||    15
       Kick              |       |     2 |     9 |       ||    11
       Flail             |       |       |    13 |     2 ||    15
 Cast: Shock             |    59 |   125 |   263 |    28 ||   475
       Static Discharge  |     2 |     7 |    28 |     1 ||    38
       Swiftness         |       |     1 |     2 |       ||     3
       Airstrike         |       |       |    24 |     9 ||    33
       Foxfire           |       |       |    11 |       ||    11
       Lightning Bolt    |       |       |       |     8 ||     8
  Use: Scroll            |     1 |     9 |     5 |     5 ||    20
       Potion            |       |       |     2 |       ||     2
 Stab: Sleeping          |     1 |       |       |       ||     1
Armor: Robe              |     2 |     3 |    22 |     1 ||    28
Dodge: Dodged            |     8 |    15 |    81 |     3 ||   107

Table legend: (Time is in decaauts)
 A = Elapsed time spent in this place.
 B = Non-inter-level travel time spent in this place.
 C = Inter-level travel time spent in this place.
 D = Time resting spent in this place.
 E = Time spent auto-exploring this place.
 F = Levels seen in this place.
 G = Mean time per level.
                   A        B        C        D        E       F      G
               +--------+--------+--------+--------+--------+-----+--------+
         Total |  10971 |  10595 |    376 |   1570 |   7482 |  10 | 1097.1 |
       Dungeon |  10359 |  10012 |    347 |   1504 |   7075 |   8 | 1294.9 |
        Temple |    232 |    204 |     28 |      0 |    193 |   1 |  232.0 |
         Sewer |    380 |    380 |      0 |     66 |    213 |   1 |  380.0 |
               +--------+--------+--------+--------+--------+-----+--------+

Top non-repeatable levels by time:
     D:5: 2717 daAuts
     D:1: 1641 daAuts
     D:7: 1550 daAuts
     D:2: 1400 daAuts
     D:4: 1222 daAuts
     D:3: 903 daAuts
     D:6: 801 daAuts
   Sewer: 380 daAuts
  Temple: 232 daAuts
     D:8: 122 daAuts
